 Seeded DCSS version 0.31-a0-618-g7ca08c1ff9 (webtiles) character file.

Game seed: 3612390645625327883 (custom seed)

214 innerfire43 the Ruffian (level 5, 0/39 HPs)
             Began as a Gnoll Shapeshifter on Aug 22, 2023.
             Succumbed to an adder's poison
             ... on level 4 of the Dungeon.
             The game lasted 00:03:42 (2695 turns).

innerfire43 the Ruffian (Gnoll Shapeshifter)        Turns: 2695, Time: 00:03:43

Health: 0/39       AC:  5    Str: 15    XL:     5   Next: 91%
Magic:  7/7        EV: 14    Int:  7    God:
Gold:   732        SH:  0    Dex: 14    Spells: 7/7 levels left

rFire   . .          .
                       - Unarmed
rCold   . . .        (shield currently unavailable)
rNeg    . . .        e - +2 animal skin
rPois   .            k - +0 helmet
rElec   .            (no cloak)
rCorr   .            (no gloves)
SInv    .            (no boots)
Will    .....        (no amulet)
Stlth   +            (no ring)
HPRegen 0.26/turn    (no ring)
MPRegen 0.10/turn

%: no passive effects
@: brilliant, lethally poisoned (0 -> -2), flux-form, hasted, glowing, very
quick
A: glow, contaminating, reduced hp, fangs 1, strong nose, distributed training
a: Begin Untransformation


You were on level 4 of the Dungeon.
You were something dangerously unstable.
You visited 1 branch of the dungeon, and saw 4 of its levels.

You collected 732 gold pieces.

Inventory:

Armour
 a - a +0 animal skin
 e - a +2 animal skin (worn)
 k - a +0 helmet (worn)
Talismans
 c - a beast talisman
 d - a flux talisman (active)
 j - a serpent talisman
Scrolls
 h - 3 scrolls of summoning {unknown}
 i - a scroll of fog {unknown}
 l - 2 scrolls of identify
 o - a scroll of teleportation
 p - a scroll of poison {unknown}
Potions
 b - a potion of lignification
 f - 2 potions of enlightenment
 g - a potion of brilliance
 m - a potion of haste
 n - 2 potions of curing {unknown}


   Skills:
 + Level 3.1 Fighting
 + Level 1.7 Short Blades
 + Level 1.7 Long Blades
 + Level 1.7 Axes
 + Level 1.7 Maces & Flails
 + Level 1.7 Polearms
 + Level 1.7 Staves
 + Level 1.7 Ranged Weapons
 + Level 1.7 Throwing
 + Level 1.7 Armour
 + Level 4.9 Dodging
 + Level 1.7 Stealth
 + Level 1.7 Shields
 + Level 6.7 Unarmed Combat
 + Level 1.7 Spellcasting
 + Level 1.3 Conjurations
 + Level 1.3 Hexes
 + Level 1.3 Summonings
 + Level 1.3 Necromancy
 + Level 1.3 Translocations
 + Level 1.3 Transmutations
 + Level 1.3 Fire Magic
 + Level 1.3 Ice Magic
 + Level 1.3 Air Magic
 + Level 1.3 Earth Magic
 + Level 1.3 Poison Magic
 + Level 1.9 Invocations
 + Level 1.7 Evocations
 + Level 6.7 Shapeshifting


You had 7 spell levels left.
You didn't know any spells.
Your spell library contained the following spells:

 Spells                   Type           Power      Damage    Failure   Level
 Stone Arrow              Conj/Erth      6%         3d7       56%         3
 Animate Armour           Summ/Erth      6%         N/A       92%         4
 Lehudib's Crystal Spear  Conj/Erth      1%         10d2      100%        8


Dungeon Overview and Level Annotations

Branches:
Dungeon (4/15)
 Temple: D:4-7

Altars:
Gozag


Innate Abilities, Weirdness & Mutations

You are something dangerously unstable.
You glow with magical radiation, making you easy to see and hit.
Foes you strike become dangerously contaminated with magical radiation.
Your maximum health is decreased, since you lack skill for your form.
You are incapable of wielding weapons or throwing items.
You have very sharp teeth.
Your uncanny sense of smell can sniff out nearby items.
Your experience applies equally to all skills.


Message History

The orc twists and deforms.
The orc is heavily wounded.
The orc priest misses you. The orc barely misses you.
You hit the orc.
You kill the orc!
The orc priest barely misses you. The gnoll completely misses you.
The orc priest miscasts a cantrip.
The adder misses you. The adder bites you but does no damage.
The adder attacks as it pursues you! The adder misses you.
The adder barely misses you. The adder attacks as it pursues you!
The adder bites you but does no damage.
You barely miss the adder. Your bite misses the adder.
The adder closely misses you.
You barely miss the adder. The adder barely misses you.
The gnoll hits you from afar with a +0 halberd of freezing!
The gnoll freezes you.
The orc priest miscasts a cantrip.
You hit the adder.
The adder begins to glow.
The adder is lightly wounded.
The adder bites you but does no damage.
The gnoll hits you from afar with a +0 halberd of freezing!
* * * LOW HITPOINT WARNING * * *
The gnoll freezes you.
* * * LOW HITPOINT WARNING * * *
You hit the adder.
The adder glows dangerously bright.
The adder is heavily wounded.
The adder bites you.
* * * LOW HITPOINT WARNING * * *
You are lethally poisoned!
The adder poisons you! The gnoll closely misses you.
The adder barely misses you.
It was a potion of brilliance.
You feel clever all of a sudden.
* * * LOW HITPOINT WARNING * * *
You feel sick. The gnoll misses you.
The orc priest casts a cantrip, but nothing happens.
The adder closely misses you.
It was a potion of haste.
You feel yourself speed up.
You die... ###......#.. .........#. ∆ ...!.... .....# #go.# #...# #..o# ######.## #.BSgog#

#.######
#......#
#..###.##
#.......#####
#......%......
##..<...######
#......##
#......#.#


You could see an orc priest, 2 gnolls and an adder (heavy contam).

Vanquished Creatures
  A scorpion (D:3)
  An orc wizard (D:3)
  Robin (D:2)
  5 adders
  A worm (D:3)
  A dart slug (D:2)
  6 orcs
  4 endoplasms
  A giant cockroach (D:2)
  6 goblins
  3 hobgoblins (D:2)
  6 jackals
  6 kobolds
  A quokka (D:2)
  6 ball pythons
  3 bats
  12 frilled lizards
  5 rats
69 creatures vanquished.

Notes
Turn   | Place    | Note
-------+----------+-------------------------------------------
     0 | D:1      | innerfire43 the Gnoll Shapeshifter began the quest for the
                  | Orb.
     0 | D:1      | Reached XP level 1. HP: 17/17 MP: 1/1
   291 | D:1      | Found a faded altar of an unknown god.
   354 | D:1      | Reached XP level 2. HP: 19/23 MP: 2/2
   760 | D:2      | Reached XP level 3. HP: 23/28 MP: 3/3
   815 | D:2      | Reached skill level 1 in Invocations
   898 | D:2      | Reached skill level 1 in Short Blades
   898 | D:2      | Reached skill level 1 in Long Blades
   898 | D:2      | Reached skill level 1 in Axes
   898 | D:2      | Reached skill level 1 in Maces & Flails
   898 | D:2      | Reached skill level 1 in Polearms
   898 | D:2      | Reached skill level 1 in Staves
   898 | D:2      | Reached skill level 1 in Ranged Weapons
   898 | D:2      | Reached skill level 1 in Throwing
   898 | D:2      | Reached skill level 1 in Armour
   898 | D:2      | Reached skill level 1 in Stealth
   898 | D:2      | Reached skill level 1 in Shields
   898 | D:2      | Reached skill level 1 in Spellcasting
   898 | D:2      | Reached skill level 1 in Evocations
  1151 | D:2      | Reached XP level 4. HP: 28/34 MP: 5/5
  1209 | D:2      | Noticed Robin
  1223 | D:2      | HP: 1/32 [Robin/+0 short sword (5)]
  1225 | D:2      | Killed Robin
  1226 | D:2      | Reached skill level 1 in Conjurations
  1226 | D:2      | Reached skill level 1 in Hexes
  1226 | D:2      | Reached skill level 1 in Summonings
  1226 | D:2      | Reached skill level 1 in Necromancy
  1226 | D:2      | Reached skill level 1 in Translocations
  1226 | D:2      | Reached skill level 1 in Transmutations
  1226 | D:2      | Reached skill level 1 in Fire Magic
  1226 | D:2      | Reached skill level 1 in Ice Magic
  1226 | D:2      | Reached skill level 1 in Air Magic
  1226 | D:2      | Reached skill level 1 in Earth Magic
  1226 | D:2      | Reached skill level 1 in Poison Magic
  1657 | D:2      | Identified a scroll of acquirement
  1657 | D:2      | Acquired 628 gold pieces
  1741 | D:3      | Found an opulent altar of Gozag.
  1935 | D:3      | Reached XP level 5. HP: 40/40 MP: 5/7
  2694 | D:4      | HP: 1/39 [poisoned by an adder]
  2695 | D:4      | Succumbed to an adder's poison

Illustrated notes

Levels and vault maps discovered:
D:1:      dpeg_arrival_water_temple_mockup, layout_loops_ring,
          chequers_ecumenical_altar_simple_redux,
          hangedman_abyss_or_decor_stabs, chequers_serial_rivers_small_a,
          minmay_lizard_pond
D:2:      layout_loops_ring, minmay_3d_cube, uniq_robin
D:3:      layout_loops_corners, grunt_gozag_statues, minmay_liquid_box
D:4:      layout_basic, mainiacjoe_overflow_concentric_impassable,
          grunt_dithmenos_smoke, serial_shops, nicolae_shop_tiny_real_fake_doors

Skill      XL: |  1  2  3  4  5 |
---------------+----------------+-----
Invocations    | 1 |  1.9
Short Blades   | 1 |  1.7
Long Blades    | 1 |  1.7
Axes           | 1 |  1.7
Maces & Flails | 1 |  1.7
Polearms       | 1 |  1.7
Staves         | 1 |  1.7
Ranged Weapons | 1 |  1.7
Throwing       | 1 |  1.7
Armour         | 1 |  1.7
Stealth        | 1 |  1.7
Shields        | 1 |  1.7
Spellcasting   | 1 |  1.7
Evocations     | 1 |  1.7
Conjurations   | 1 |  1.3
Hexes          | 1 |  1.3
Summonings     | 1 |  1.3
Necromancy     | 1 |  1.3
Translocations | 1 |  1.3
Transmutations | 1 |  1.3
Fire Magic     | 1 |  1.3
Ice Magic      | 1 |  1.3
Air Magic      | 1 |  1.3
Earth Magic    | 1 |  1.3
Poison Magic   | 1 |  1.3
Fighting       | 3 |  3.1
Dodging        | |  4.9
Unarmed Combat | |  6.7
Shapeshifting  | |  6.7

Action                     |  1- 3 |  4- 6 || total
---------------------------+-------+-------++-------
  Melee: Unarmed           |    72 |   113 ||   185
         Bite              |     6 |    15 ||    21
    Use: Scroll            |     1 |     3 ||     4
         Potion            |       |     4 ||     4
 Armour: Animal skin       |    19 |    13 ||    32
         Skin              |       |    16 ||    16
  Dodge: Dodged            |    46 |    73 ||   119
   Form: Flux              |     1 |       ||     1

Table legend: (Time is in decaauts)
 A = Elapsed time spent in this place.
 B = Non-inter-level travel time spent in this place.
 C = Inter-level travel time spent in this place.
 D = Time resting spent in this place.
 E = Time spent auto-exploring this place.
 F = Levels seen in this place.
 G = Mean time per level.
                   A        B        C        D        E       F      G
               +--------+--------+--------+--------+--------+-----+--------+
         Total |   2686 |   2603 |     83 |      0 |   2175 |   4 |  671.5 |
       Dungeon |   2686 |   2603 |     83 |      0 |   2175 |   4 |  671.5 |
               +--------+--------+--------+--------+--------+-----+--------+

Top non-repeatable levels by time:
     D:3: 970 daAuts
     D:2: 943 daAuts
     D:1: 736 daAuts
     D:4: 36 daAuts
